 Dungeon Crawl Stone Soup version 0.30-a0-313-gae38170b09 (webtiles) character file.

Game seed: 10758490926171917304

30246 Jorund the Severer (level 13, -2/116 HPs)
             Began as a Demonspawn Gladiator on Oct 26, 2022.
             Was a Follower of Okawaru.
             Slain by a reaper
             ... wielding a +1 scythe of freezing
              (12 damage)
             ... in an ice cave.
             The game lasted 00:27:02 (14649 turns).

Jorund the Severer (Demonspawn Gladiator)          Turns: 14649, Time: 00:27:03

Health: -2/116     AC: 22    Str: 18    XL:     13   Next: 19%
Magic:  13/13      EV: 12    Int: 10    God:    Okawaru [*.....]
Gold:   1037       SH:  0    Dex: 22    Spells: 12/12 levels left

rFire   + + +      SeeInvis +    f - +6 war axe of Action {flame, Drain rF++ rN++}
rCold   . . .      Faith    .    (no shield)
rNeg    + + +      Spirit   .    N - +5 ring mail "Boqoyh" {rN++ Will+}
rPois   +          Reflect  .    c - +0 helmet
rElec   .          Harm     .    (cloak unavailable)
rCorr   .          Rampage  .    A - +2 pair of gloves of Moral Flaws {Drain rPois rF+}
Will    +....                    r - +1 pair of boots
Stlth   +.........               M - amulet of magic regeneration
HPRegen 0.39/turn                w - +6 ring of dexterity
MPRegen 0.53/turn                s - ring of see invisible

@: about to teleport, hasted, studying Short Blades, very quick
A: yellow scales 2, foul stench 2, powered by pain 1, robust 1, weakness stinger
3
a: Renounce Religion, Heroism


You were in an ice cave.
You worshipped Okawaru.
Okawaru was aware of your devotion.
You visited 3 branches of the dungeon, and saw 15 of its levels.
You also visited: Sewer, Bailey and Ice Cave.

You collected 1037 gold pieces.

Inventory:

Hand Weapons
 a - a +0 war axe of protection
 f - the +6 war axe of Action (weapon) {flame, Drain rF++ rN++}
   (You took it off a hobgoblin on level 3 of the Dungeon)

   It burns those it strikes, dealing additional fire damage.
   Big, fiery blades are also staple armaments of hydra-hunters.
   rF:        It greatly protects you from fire.
   rN:        It greatly protects you from negative energy.
   Drain:     It drains your maximum health when unequipped.
Missiles
 d - 2 throwing nets
 e - 11 javelins (quivered)
 u - 10 atropa-tipped darts
 P - 6 silver javelins
Armour
 c - a +0 helmet (worn)
 r - a +1 pair of boots (worn)
 A - the +2 pair of gloves of Moral Flaws (worn) {Drain rPois rF+}
   (You found it on level 5 of the Dungeon)

   rF:        It protects you from fire.
   rPois:     It protects you from poison.
   Drain:     It drains your maximum health when unequipped.
 B - the +1 ring mail of Parlour Games {rPois rCorr Int+8 Dex-2}
   (You found it on level 5 of the Dungeon)

   Int:       It affects your intelligence (+8).
   Dex:       It affects your dexterity (-2).
   rPois:     It protects you from poison.
   rCorr:     It protects you from acid and corrosion.
 K - the +3 leather armour "Luilaode" {rElec rC++ Regen+ Str-5}
   (You found it on level 11 of the Dungeon)

   Str:       It affects your strength (-5).
   rC:        It greatly protects you from cold.
   rElec:     It insulates you from electricity.
   Regen:     It increases your rate of health regeneration.
 N - the +5 ring mail "Boqoyh" (worn) {rN++ Will+}
   (You took it off an orc warrior in a bailey)

   rN:        It greatly protects you from negative energy.
   Will:      It increases your willpower.
 O - a +2 buckler
Jewellery
 j - a ring of positive energy
 k - a ring of flight
 s - a ring of see invisible (right hand)
 w - a +6 ring of dexterity (left hand)
 H - a ring of wizardry
 J - a ring of fire
 M - an amulet of magic regeneration (around neck)
Wands
 b - a wand of paralysis (11)
 L - a wand of flame (22)
Scrolls
 h - 2 scrolls of amnesia
 i - 2 scrolls of enchant armour
 m - 3 scrolls of butterflies
 t - 2 scrolls of fear
 y - 6 scrolls of teleportation
 E - 4 scrolls of immolation
 G - 2 scrolls of poison
 I - a scroll of brand weapon
 R - 2 scrolls of vulnerability
Potions
 g - 5 potions of flight
 l - 5 potions of lignification
 n - 3 potions of ambrosia
 o - 2 potions of curing
 p - a potion of berserk rage
 q - a potion of cancellation
 v - 4 potions of haste
 z - 3 potions of mutation
 C - a potion of brilliance
 D - 2 potions of resistance
 F - a potion of degeneration {unknown}
Miscellaneous
 x - a phantom mirror


   Skills:
 + Level 11.2 Fighting
 + Level 16.1 Axes
 - Level 1.7 Throwing
 + Level 8.5 Armour
 - Level 2.6 Dodging
 + Level 1.2 Evocations


You had 12 spell levels left.
You didn't know any spells.
Your spell library contained the following spells:

 Spells                   Type           Power      Damage    Failure   Level
 Freeze                   Ice            0%         1d3       52%         1
 Kiss of Death            Conj/Necr      0%         2d5       52%         1
 Sandblast                Erth           0%         2d4       52%         1
 Slow                     Hex            0%         N/A       52%         1
 Confusing Touch          Hex            0%         N/A       88%         3
 Frozen Ramparts          Ice            0%         1d1       88%         3
 Hailstorm                Conj/Ice       0%         3d3       88%         3
 Inner Flame              Hex/Fire       0%         N/A       88%         3
 Vampiric Draining        Necr           0%         2d6       88%         3
 Airstrike                Air            0%         2d(0-16)  99%         4
 Anguish                  Hex/Necr       0%         N/A       99%         4
 Ice Form                 Ice/Tmut       0%         N/A       99%         4
 Leda's Liquefaction      Hex/Erth       0%         N/A       99%         4
 Passage of Golubria      Tloc           0%         N/A       99%         4
 Borgnjor's Vile Clutch   Necr/Erth      0%         N/A       100%        5
 Lightning Bolt           Conj/Air       0%         1d11      100%        5
 Silence                  Hex/Air        0%         N/A       100%        5
 Lehudib's Crystal Spear  Conj/Erth      0%         10d2      100%        8
 Call Imp                 Summ           Unusable   N/A       N/A         2
 Summon Ice Beast         Ice/Summ       Unusable   N/A       N/A         4
 Summon Lightning Spire   Summ/Air       Unusable   N/A       N/A         4
 Infestation              Necr           Unusable   N/A       N/A         8

Dungeon Overview and Level Annotations

Branches:
Dungeon (11/15)            Temple (1/1) D:6            Lair (3/5) D:9
 Shoals (0/4) Lair:3       Spider (0/4) Lair:3          Orc (0/2) D:11
  Sewer (visited)          Bailey (visited)           IceCv (1/1)

Altars:
Ashenzari
Cheibriados
Dithmenos
Fedhas
Gozag
Hepliaklqana
Kikubaaqudgha
Makhleb
Nemelex Xobeh
Okawaru
Qazlal
Ru
Sif Muna
Trog
Uskayaw
Vehumet
Wu Jian
Xom
Yredelemnul

Shops:
D:4 [   D:8 (

Annotations:
D:4 1 runed translucent door, Westside's ghost, amateur MiFi
Lair:2 exclusion: oklob plant


Innate Abilities, Weirdness & Mutations

You are mostly covered in yellow scales. (AC +3)
You sometimes emit foul miasma when damaged in melee.
You sometimes gain a little power by taking damage.
You are robust. (+10% HP)
You have a sharp stinger which inflicts weakening toxins.


Message History

You hit the reaper. You burn the reaper.
The reaper is lightly wounded.
The reaper says, "Everyone has to die sometime, and your time is now."
The reaper hits you with a +1 scythe of freezing!!
The reaper freezes you!
You feel yourself speed up.
The reaper hits you with a +1 scythe of freezing!!
The reaper freezes you.
You barely miss the reaper.
The reaper is lightly wounded.
The reaper closely misses you.
Unknown command.
You hit the reaper but do no damage.
The reaper is lightly wounded.
Unknown command.
Okay, then.
As you read the scroll of teleportation, it crumbles to dust.
You feel strangely unstable.
The reaper hits you with a +1 scythe of freezing!!
* * * LOW HITPOINT WARNING * * *
The reaper freezes you!
* * * LOW HITPOINT WARNING * * *
Unknown command.
You feel better.
Unknown command.
You feel better.
The reaper hits you with a +1 scythe of freezing.
The reaper freezes you.
Unknown command.
You hit the reaper. You burn the reaper.
You tail-slap the reaper, but do no damage.
The reaper is lightly wounded.
Unknown command.
You hit the reaper. You burn the reaper.
You tail-slap the reaper, but do no damage.
The reaper is lightly wounded.
The reaper hits you with a +1 scythe of freezing!!
* * * LOW HITPOINT WARNING * * *
The reaper freezes you!
You die...

#.#..⌠..## #.
#.....## ##
#.##...## ..
##...#### ##
###....#######
###...#....# # ###
###....##. #.
##.###### ########
#.##@#.#..[## ###.
#.2###.....# ##...
###..##...######....
#Z.2##..#####.....##
#...###..####.....##
#...Z ##...#....###
##Z.. ###...####
###. ##### $.


You could see a reaper.

Vanquished Creatures
  Josephine (D:11)
  A two-headed ogre (D:11)
  7 death yaks (Lair:2)
  A fire crab (Lair:3)
  An ice statue (IceCv)
  A torpor snail (Lair:1)
  3 black mambas
  5 gargoyles (D:7)
  A merfolk siren (Lair:3)
  5 cane toads
  2 kobold demonologists
  4 komodo dragons
  2 trolls
  A polar bear (Lair:3)
  2 hornets
  2 dream sheep (Lair:1)
  Sigmund (D:2)
  4 wyverns
  27 yaks
  7 wraiths
  2 basilisks (Lair:2)
  2 death yak simulacra (IceCv)
  2 steam dragons
  8 vampire mosquitoes
  A harpy simulacrum (IceCv)
  3 acid dragons
  10 water moccasins
  A hydra simulacrum (IceCv)
  9 orc warriors
  2 black bears
  A sky beast (D:6)
  An ogre (D:6)
  24 wolves
  4 centaurs
  9 kobold brigands
  12 bullfrogs
  The ghost of Hnjsb the Vexing, an amateur SpEn (D:3)
  A necrophage (D:6)
  6 two-headed ogre simulacra (IceCv)
  15 killer bees
  An elephant simulacrum (IceCv)
  2 electric eels (Lair:2)
  2 howler monkeys
  2 hounds (D:6)
  7 orc priests
  An iguana (D:7)
  Jessica (D:2)
  A gnoll bouda (D:9)
  11 orc wizards
  3 spriggan simulacra (IceCv)
  7 hell rats (Lair:1)
  4 troll simulacra (IceCv)
  2 wolf simulacra (IceCv)
  A mummy (D:7)
  Robin (D:2)
  14 gnolls
  13 adders
  2 naga simulacra (IceCv)
  19 white imps
  9 ufetubi
  5 worms
  2 dart slugs
  35 orcs
  7 endoplasms
  3 giant cockroaches
  11 hobgoblins
  2 quokkas (D:1)
  4 ball pythons
  9 bats
  A frilled lizard (D:1)
  15 goblins
  18 kobolds
  8 rats
415 creatures vanquished.

Vanquished Creatures (others)
  A human (D:6)
  A white imp (Lair:3)
  8 fungi (Lair:2)
  21 plants
31 creatures vanquished.

Grand Total: 446 creatures vanquished

Notes
Turn   | Place    | Note
-------+----------+-------------------------------------------
     0 | D:1      | Jorund the Demonspawn Gladiator began the quest for the
                  | Orb.
     0 | D:1      | Reached XP level 1. HP: 16/16 MP: 1/1
    84 | D:1      | Reached skill level 3 in Axes
   132 | D:1      | Gained mutation: You are partially covered in yellow
                  | scales. (AC +2) [demonic ancestry]
   132 | D:1      | Reached XP level 2. HP: 22/22 MP: 2/2
   630 | D:2      | Gained mutation: You have a small tail. [demonic ancestry]
   630 | D:2      | Reached XP level 3. HP: 19/27 MP: 3/3
   760 | D:2      | Reached skill level 4 in Axes
   836 | D:2      | Gained mutation: You are mostly covered in yellow scales.
                  | (AC +3) [demonic ancestry]
   836 | D:2      | Reached XP level 4. HP: 25/34 MP: 4/4
   982 | D:2      | Noticed Robin
   989 | D:2      | Killed Robin
   990 | D:2      | Reached skill level 1 in Armour
  1048 | D:2      | Noticed Sigmund
  1063 | D:2      | Killed Sigmund
  1064 | D:2      | Reached skill level 5 in Axes
  1064 | D:2      | Gained mutation: You have a tail ending in a sharp stinger.
                  | [demonic ancestry]
  1064 | D:2      | Reached XP level 5. HP: 24/41 MP: 5/5
  1064 | D:2      | Gained mutation: You may rarely emit foul miasma when
                  | damaged in melee. [demonic ancestry]
  1064 | D:2      | Reached XP level 6. HP: 28/47 MP: 6/6
  1143 | D:2      | Noticed Jessica
  1151 | D:2      | Killed Jessica
  1801 | D:3      | Identified the +6 war axe of Action {flame, Drain rF++
                  | rN++}
  2082 | D:3      | Found a runed translucent door.
  2085 | D:3      | Noticed Hnjsb's ghost (amateur SpEn)
  2270 | D:3      | Found a burning altar of Makhleb.
  2470 | D:3      | Killed Hnjsb's ghost
  2560 | D:4      | Reached skill level 6 in Axes
  2574 | D:4      | Gained mutation: You have a sharp stinger which inflicts
                  | weakening toxins. [demonic ancestry]
  2574 | D:4      | Reached XP level 7. HP: 42/52 MP: 7/7
  2803 | D:4      | Found a broken altar of Ashenzari.
  2875 | D:4      | Found Cafotez's Armour Emporium.
  3005 | D:4      | Found a runed translucent door.
  3005 | D:4      | Noticed Westside's ghost (amateur MiFi)
  3139 | D:4      | Found a shimmering altar of Xom.
  3253 | D:5      | Entered Level 5 of the Dungeon
  3414 | D:5      | Identified the +2 pair of gloves of Moral Flaws {Drain
                  | rPois rF+}
  3475 | D:5      | Identified the +1 ring mail of Parlour Games {rPois rCorr
                  | Int+8 Dex-2}
  3634 | D:5      | Found a blossoming altar of Fedhas.
  3691 | D:6      | Reached skill level 7 in Axes
  3694 | D:6      | Found a hazy altar of Hepliaklqana.
  3850 | D:6      | Found a glowing drain.
  3976 | Sewer    | Entered a sewer
  4010 | Sewer    | Reached XP level 8. HP: 55/61 MP: 8/8
  4198 | D:6      | Reached skill level 8 in Axes
  4412 | D:6      | Found a staircase to the Ecumenical Temple.
  4466 | D:6      | Found an ancient bone altar of Kikubaaqudgha.
  4499 | Temple   | Entered the Ecumenical Temple
  4802 | D:6      | Found a stormy altar of Qazlal.
  5157 | D:7      | Found an opulent altar of Gozag.
  5287 | D:7      | Reached skill level 5 in Fighting
  5354 | D:7      | Reached XP level 9. HP: 56/68 MP: 9/9
  5427 | D:7      | Reached skill level 9 in Axes
  5442 | D:7      | Noticed a troll
  5451 | D:7      | Killed a troll
  5452 | D:7      | Reached skill level 5 in Armour
  5993 | D:7      | Found a snail-covered altar of Cheibriados.
  6054 | D:7      | Found a shimmering blue altar of Sif Muna.
  6094 | D:7      | Noticed a gargoyle
  6102 | D:7      | Killed a gargoyle
  6103 | D:7      | Reached skill level 10 in Axes
  6220 | D:7      | Noticed a gargoyle
  6224 | D:7      | Killed a gargoyle
  6283 | D:7      | Noticed a gargoyle
  6287 | D:7      | Killed a gargoyle
  6338 | D:7      | Got the Discourse on the Twisted Whammy
  6342 | D:7      | Noticed a gargoyle
  6353 | D:7      | Killed a gargoyle
  6354 | D:7      | Reached XP level 10. HP: 46/77 MP: 10/10
  6450 | D:7      | Noticed a gargoyle
  6465 | D:7      | Killed a gargoyle
  6838 | D:8      | Reached skill level 11 in Axes
  6865 | D:8      | Found a hide-covered altar of Uskayaw.
  6866 | D:8      | Noticed a +0 dagger
  6866 | D:8      | Noticed a +0 dagger
  6883 | D:8      | Found Dis Zasm's Weapon Boutique.
  7814 | D:9      | Reached skill level 12 in Axes
  8124 | D:9      | Found a staircase to the Lair.
  8140 | D:9      | Gained mutation: You sometimes emit foul miasma when
                  | damaged in melee. [demonic ancestry]
  8140 | D:9      | Reached XP level 11. HP: 65/85 MP: 11/11
  8275 | D:9      | Found an ornate altar of the Wu Jian Council.
  8403 | D:10     | Entered Level 10 of the Dungeon
  8680 | D:10     | Reached skill level 13 in Axes
  8933 | D:10     | Found a flagged portal.
  8952 | Bailey   | Entered a bailey
  9269 | Bailey   | Identified the +5 ring mail "Boqoyh" {rN++ Will+}
  9418 | Bailey   | Found a bloodstained altar of Trog.
  9567 | D:10     | Found an iron altar of Okawaru.
  9878 | D:11     | Found a staircase to the Orcish Mines.
  9960 | D:11     | Noticed a two-headed ogre
  9970 | D:11     | Killed a two-headed ogre
 10081 | D:11     | Noticed Josephine
 10088 | D:11     | Killed Josephine
 10097 | D:11     | Reached skill level 1 in Evocations
 10137 | D:11     | Reached skill level 14 in Axes
 10140 | D:11     | Identified the +3 leather armour "Luilaode" {rElec rC++
                  | Regen+ Str-5}
 10373 | D:11     | Got the Spellbook of the Commander and Stones
 10506 | D:11     | Gained mutation: You are robust. (+10% HP) [demonic
                  | ancestry]
 10506 | D:11     | Reached XP level 12. HP: 66/104 MP: 12/12
 10764 | Lair:1   | Entered Level 1 of the Lair of Beasts
 11618 | Lair:2   | Reached skill level 10 in Fighting
 11890 | Lair:2   | Reached skill level 15 in Axes
 12103 | Lair:2   | Noticed a death yak
 12104 | Lair:2   | Noticed a death yak
 12104 | Lair:2   | Noticed a death yak
 12104 | Lair:2   | Noticed a death yak
 12150 | Lair:2   | Killed a death yak
 12152 | Lair:2   | Killed a death yak
 12159 | Lair:2   | Killed a death yak
 12519 | Lair:2   | Noticed a death yak
 12521 | Lair:2   | Noticed a death yak
 12529 | Lair:2   | Noticed a death yak
 12535 | Lair:2   | Killed a death yak
 12544 | Lair:2   | Killed a death yak
 12552 | Lair:2   | Killed a death yak
 12560 | Lair:2   | Killed a death yak
 12761 | Lair:2   | Gained mutation: You sometimes gain a little power by
                  | taking damage. [demonic ancestry]
 12761 | Lair:2   | Reached XP level 13. HP: 108/115 MP: 13/13
 13244 | D:10     | Became a worshipper of Warmaster Okawaru
 13602 | Lair:3   | Found a staircase to the Shoals.
 13613 | Lair:3   | Reached skill level 16 in Axes
 13628 | Lair:3   | Found a frozen archway.
 13645 | IceCv    | Entered an ice cave
 14354 | IceCv    | Reached * piety under Okawaru
 14635 | IceCv    | Noticed a reaper
 14649 | IceCv    | Slain by a reaper

Illustrated notes

Levels and vault maps discovered:
D:1:      spicycebolla_arrival_ecumenical, layout_rooms
D:2:      layout_loops_corners, serial_bayou_crossing, uniq_robin, uniq_sigmund,
          uniq_jessica
D:3:      layout_loops_cross, bloody_makhleb, ebering_ghost_sewer_d,
          fountainhead, minivault_4, wad_floor_pattern_untrapped, nrook_campfire
D:4:      layout_basic, mainiacjoe_overflow_brackets,
          cheibrodos_ashenzari_chains, serial_shops, shop,
          hellmonk_ghost_happy_afterlife
D:5:      layout_rooms, kennysheep_mini_moat, mainiacjoe_overflow_alcove_2
D:6:      layout_layer_cave, tgw_kikubaaqudgha, lemuel_coloured_pillars_altar,
          lemuel_round_altar, temple_doors_e, portal_sewer_entry_d
D:7:      cheibrodos_statue_roulette, layout_loops_cross,
          mainiacjoe_overflow_cross_hatched, chei_slow_surprise, tgw_sif,
          nicolae_overflow_hidden_temple, minmay_manual_monstrance
D:8:      layout_basic, dancing_weapons_uskayaw, nicolae_take_the_stairs
D:9:      layout_big_octagon, nicolae_wu_jian_immortal_techniques,
          david_lair_shrubbed
D:10:     layout_loops_ring, mainiacjoe_overflow_tiny_flanked, enter_bailey_3
D:11:     nicolae_cairo_tiling_large_dashed, layout_irregular_city,
          kennysheep_generic_room_10, uniq_josephine
Temple:   hellmonk_temple_beads
Lair:1:   layout_cave_pods
Lair:2:   layout_hall_layers, nicolae_quartered_pool_medium,
          grunt_forest_large_clearings
Lair:3:   layout_loops_ring, minmay_shoals_entry_lonely_mermaid,
          nicolae_spider_entry_tight_spaces, portal_ice_cave_entry_imps,
          serial_bayou_shore_a, infiniplex_staircase_pool
IceCv:    ice_cave_caverns_01

Skill      XL: |  1  2  3  4  5  6  7  8  9 10 11 12 13 |
---------------+----------------------------------------+-----
Axes           | 3 4 5 6 7 8 10 12 14 15 16 | 16.1
Armour         | 1 2 3 4 6 7 8 |  8.5
Fighting       | 3 4 5 6 7 9 10 11 | 11.2
Evocations     | 1 |  1.2
Throwing       | |  1.7
Dodging        | |  2.6

Action                   |  1- 3 |  4- 6 |  7- 9 | 10-12 | 13-15 || total
-------------------------+-------+-------+-------+-------+-------++-------
Melee: War axe           |   101 |   107 |   217 |   521 |   138 ||  1084
       Tailslap          |     3 |    12 |    34 |    85 |    23 ||   157
       Punch             |     1 |       |     2 |     9 |     2 ||    14
Throw: Throwing net      |       |     3 |       |       |       ||     3
       Javelin           |       |       |     4 |       |       ||     4
Evoke: Wand              |       |       |       |     7 |       ||     7
  Use: Scroll            |       |     5 |     9 |     9 |     4 ||    27
       Potion            |       |     1 |     2 |     2 |     3 ||     8
 Stab: Sleeping          |     1 |     2 |       |     1 |       ||     4
       Paralysed         |       |       |       |     9 |       ||     9
Armor: Leather armour    |    50 |    41 |    23 |       |       ||   114
       Ring mail         |       |       |    82 |   285 |    54 ||   421
Dodge: Dodged            |    72 |    59 |   112 |   314 |    56 ||   613

Table legend: (Time is in decaauts)
 A = Elapsed time spent in this place.
 B = Non-inter-level travel time spent in this place.
 C = Inter-level travel time spent in this place.
 D = Time resting spent in this place.
 E = Time spent auto-exploring this place.
 F = Levels seen in this place.
 G = Mean time per level.
                   A        B        C        D        E       F      G
               +--------+--------+--------+--------+--------+-----+--------+
         Total |  14660 |  13744 |    916 |   1874 |   9244 |  18 |  814.4 |
       Dungeon |  10287 |   9520 |    767 |   1040 |   6769 |  11 |  935.2 |
        Temple |    112 |    100 |     12 |      0 |     92 |   1 |  112.0 |
          Lair |   2641 |   2506 |    135 |      0 |   1975 |   3 |  880.3 |
         Sewer |    118 |    118 |      0 |      0 |     63 |   1 |  118.0 |
        Bailey |    525 |    525 |      0 |    224 |    160 |   1 |  525.0 |
      Ice Cave |    974 |    974 |      0 |    609 |    184 |   1 |  974.0 |
               +--------+--------+--------+--------+--------+-----+--------+

Top non-repeatable levels by time:
  Lair:2: 1636 daAuts
     D:7: 1574 daAuts
     D:6: 1251 daAuts
     D:2: 1206 daAuts
     D:9: 1106 daAuts
   IceCv: 974 daAuts
    D:10: 916 daAuts
    D:11: 889 daAuts
     D:3: 861 daAuts
     D:8: 810 daAuts
  Lair:1: 742 daAuts
     D:4: 718 daAuts
     D:1: 544 daAuts
  Bailey: 525 daAuts
     D:5: 405 daAuts
